 Dungeon Crawl Stone Soup version 0.28.0-53-g5a82cb258f (webtiles) character file.

Game seed: 5587389616141785330

84 Zeld the Skirmisher (level 4, -2/41 HPs)
             Began as a Minotaur Berserker on May 22, 2022.
             Was a Believer of Trog.
             Slain by Sigmund
             ... wielding a +0 scythe
              (13 damage)
             ... on level 2 of the Dungeon.
             The game lasted 00:01:28 (2094 turns).

Zeld the Skirmisher (Minotaur Berserker)            Turns: 2094, Time: 00:01:29

Health: -2/41      AC:  2    Str: 24    XL:     4   Next: 24%
Magic:  3/3        EV: 12    Int:  4    God:    Trog [**....]
Gold:   105        SH:  0    Dex:  9    Spells: 3/3 levels left

rFire   . . .      SeeInvis .   a - +0 hand axe
rCold   . . .      Faith    .   (no shield)
rNeg    . . .      Spirit   .   b - +0 animal skin
rPois   .          Reflect  .   (helmet restricted)
rElec   .          Harm     .   (no cloak)
rCorr   .          Rampage  .   (no gloves)
Will    .....                   (no boots)
Stlth   +.........              (no amulet)
HPRegen 0.13/turn               (no ring)
MPRegen 0.08/turn               (no ring)

@: confused
A: horns 2, retaliatory headbutt
a: Renounce Religion, Berserk, Trog's Hand


You were on level 2 of the Dungeon.
You worshipped Trog.
Trog was pleased with you.
You visited 1 branch of the dungeon, and saw 2 of its levels.

You collected 105 gold pieces.

Inventory:

Hand Weapons
 a - a +0 hand axe (weapon)
Armour
 b - a +0 animal skin (worn)
Scrolls
 c - 2 scrolls of identify {unknown}
 d - a scroll of teleportation {unknown}
 f - a scroll of silence {unknown}
 h - a scroll of amnesia {unknown}
Potions
 e - a potion of attraction {unknown}
 g - a potion of invisibility {unknown}


   Skills:
 * Level 4.6 Fighting
 * Level 4.6 Axes
 + Level 3.1 Armour
 + Level 2.8 Dodging


You had 3 spell levels left.
You didn't know any spells.
Your spell library was empty.

Dungeon Overview and Level Annotations

Branches:
Dungeon (2/15)

Altars:

Annotations:
D:2 Sigmund, Terence


Innate Abilities, Weirdness & Mutations

You have a pair of horns on your head.
You reflexively headbutt those who attack you in melee.


Message History

Jessica is almost dead.
Jessica barely misses you. Jessica completely misses you.
You closely miss Jessica.
Jessica is almost dead.
Jessica gestures wildly.
Jessica mumbles some strange words.
Jessica blinks!
A gnoll comes into view. It is wielding a +0 whip.
Jessica casts a spell.
Jessica blinks!
You closely miss Jessica.
Jessica is almost dead.
Jessica gestures at you while chanting. Pain shoots through your body!
* * * LOW HITPOINT WARNING * * *
Unknown command.
You hit Jessica.
You kill Jessica!
Trog accepts your kill.
Trog appreciates your killing of a magic user.
You have reached level 4!
You feel stronger.
You hit the hobgoblin.
You kill the hobgoblin!
Trog accepts your kill. The gnoll completely misses you.
Sigmund shouts!
Sigmund casts a spell.
Sigmund flickers and vanishes!
Something tries to affect you, but you resist.
Something barely misses you.
The gnoll hits you from afar with a +0 spear.
* * * LOW HITPOINT WARNING * * *
You hear some strange, mumbled words.
You are confused.
You hear some strange, mumbled words.
Something tries to affect you, but you resist.
The gnoll barely misses you. Something hits you!
You die...

..).#..#...##.#.......#.........#
....'.......#......##.#.........#
....##.#......#.................#
....##.#....#.#.................#
.....#...#.##.#.................#
.....#......#.+.................#
.....#......###.................#
.....##..##.# #..{..............#
.....##.>...# #g@g......).......#
.....######## #.............?...#
.....# #.g......########## .....#
#........# .....# ###.g..###
.....# ##...# .....#
###g############ .....#
#...g..g...... ######
##############


You could see 3 gnolls, a hobgoblin and a goblin.

Vanquished Creatures
  Jessica (D:2)
  2 adders
  A worm (D:2)
  2 ball pythons (D:1)
  3 endoplasms (D:1)
  A giant cockroach (D:2)
  5 hobgoblins
  7 jackals (D:1)
  3 kobolds
  A quokka (D:2)
  2 bats (D:1)
  5 frilled lizards (D:1)
  3 rats (D:1)
36 creatures vanquished.

Vanquished Creatures (others)
  9 fungi (D:2)
  2 toadstools (D:2)
11 creatures vanquished.

Grand Total: 47 creatures vanquished

Notes
Turn   | Place    | Note
-------+----------+-------------------------------------------
     0 | D:1      | Zeld the Minotaur Berserker began the quest for the Orb.
     0 | D:1      | Reached XP level 1. HP: 19/19 MP: 0/0
   266 | D:1      | Reached XP level 2. HP: 21/27 MP: 1/1
   959 | D:2      | Reached ** piety under Trog
   960 | D:2      | Reached XP level 3. HP: 33/33 MP: 2/2
  1762 | D:2      | Noticed Terence
  1783 | D:2      | Noticed Sigmund
  2041 | D:2      | Noticed Jessica
  2055 | D:2      | Killed Jessica
  2056 | D:2      | Reached XP level 4. HP: 7/41 MP: 3/3
  2094 | D:2      | Slain by Sigmund

Illustrated notes

Levels and vault maps discovered:
D:1:      pf_arrival_petrified_forest, layout_loops_ring
D:2:      layout_basic, hellmonk_ecumenical_altar_prayer_group,
          minmay_gold_behind_fungi, uniq_jessica, uniq_sigmund, uniq_terence

Skill      XL: |  1  2  3 |
---------------+----------+-----
Fighting       | 4 |  4.6
Axes           | 4 |  4.6
Armour         | 3 |  3.1
Dodging        | |  2.8

Action                   |  1- 3 |  4- 6 || total
-------------------------+-------+-------++-------
Melee: Hand axe          |    86 |     1 ||    87
       Headbutt          |    13 |       ||    13
       Punch             |     1 |       ||     1
Armor: Animal skin       |    10 |       ||    10
Dodge: Dodged            |    68 |     3 ||    71
